 Dungeon Sprint DCSS version 0.21-a0-274-gc1afaeb (webtiles) character file.

2179 potatolord6000 the Anamnesiscian (level 9, -10/70 HPs)
             Began as a Human Monk on Sept 19, 2017.
             Was an Elder of Hepliaklqana.
             Hit by a large rock thrown by a cyclops (43 damage)
             ... in the Dungeon (Sprint VII: "The Pits").
             The game lasted 00:07:06 (1465 turns).

potatolord6000 the Anamnesiscian (Human Monk)       Turns: 1465, Time: 00:07:07

Health: -10/70     AC: 13    Str: 14    XL:     9   Next: 58%
Magic:  16/16      EV: 17    Int: 16    God:    Hepliaklqana [****..]
Gold:   0          SH:  0    Dex: 17    Spells: 8/8 levels left

rFire    . . .     SeeInvis .   s - +2 scimitar (holy)
rCold    . . .     Gourm    .   (no shield)
rNeg     . . .     Faith    .   d - +5 ring mail
rPois    .         Spirit   .   (no helmet)
rElec    .         Reflect  .   (no cloak)
rCorr    .         Harm     .   j - +0 pair of gloves
MR       .....     NoTele   +   (no boots)
Stlth    +.........             (no amulet)
HPRegen  0.21/turn              b - +3 ring of intelligence
MPRegen  0.15/turn              p - +3 ring of intelligence

@: no status effects
A: reduced essence
a: Recall Ancestor, Ancestor Identity, Transference, Idealise, Renounce Religion


You were in the Dungeon.
You worshipped Hepliaklqana.
Hepliaklqana was greatly pleased with you.
You were completely stuffed.

You visited 1 branch

Inventory:

Hand Weapons
 s - a +2 scimitar of holy wrath (weapon)
Armour
 d - a +5 ring mail (worn)
 j - a +0 pair of gloves (worn)
Jewellery
 b - a +3 ring of intelligence (left hand)
 p - a +3 ring of intelligence (right hand)
Wands
 a - a wand of polymorph (6/24)
Scrolls
 i - a scroll of blinking
 k - 3 scrolls of remove curse
 l - 5 scrolls of amnesia
 m - a scroll of summoning
Potions
 e - 5 potions of heal wounds
 f - 9 potions of curing
 g - 4 potions of magic
 h - 2 potions of berserk rage
 q - a potion of might
 r - 2 potions of agility
Comestibles
 c - 8 bread rations
 n - 40 fruits
 o - 3 meat rations


   Skills:
 + Level 9.8 Fighting
 + Level 9.9 Long Blades
 + Level 9.4 Armour
 + Level 9.8 Dodging
 - Level 2.0 Stealth
 + Level 10.1 Invocations


You had 8 spell levels left.
You didn't know any spells.

Dungeon Overview and Level Annotations

Branches:
Dungeon (1/1)

Altars:
Ashenzari
Cheibriados
Dithmenos
Elyvilon
Fedhas
Gozag
Hepliaklqana
Kikubaaqudgha
Makhleb
Nemelex Xobeh
Okawaru
Qazlal
Ru
Sif Muna
Trog
Uskayaw
Vehumet
Wu Jian
Xom
Yredelemnul
Zin
The Shining One
Beogh
Jiyva
Lugonu


Message History

The cyclops throws a large rock.
The large rock barely misses Lucia.
The large rock closely misses you. Something closely misses you.
You see here a killer bee corpse.
Unknown command.
Okay, then.
Lucia hits something with a flail.
Something hits you. Something freezes you.
The cyclops throws a large rock.
The large rock closely misses you.
You miss something. Something completely misses you.
Lucia closely misses something.
Unknown command.
You feel much better. Something hits you! Something freezes you.
The cyclops closely misses Lucia.
Lucia hits something with a flail!
You closely miss something. Something hits you. Something freezes you.
Unknown command.
You slash something!
Reactivating autopickup.
You feel a bit more experienced.
Lucia hits the cyclops with a flail.
The cyclops throws a large rock.
The large rock hits you!!!
Ouch! That really hurt!
You die...

##.##................+
....'................+
#####......#..#......#
#..##........(.......#
'..#####'#####''######
#+###.......##''#####
...##.......##...(.(#
...##.......##...†..#
#####...<...###.@†.##
)[.##.......# ##)R##
)[.##.......# #..C.#
#####.......##......#
#..###########......+
#)############......#
#.#....#..[[###....##
#'#....#...[# ##++##
#())...'..))#


You could see the friendly Lucia the knight and a cyclops.

Vanquished Creatures
  A salamander (D)
  Joseph (D)
  A jumping spider (D)
  A flying skull (D)
  A hungry ghost (D)
  A water moccasin (D)
  An ogre (D)
  Blork the orc (D)
  2 killer bees (D)
  A quasit (D)
  A worker ant (D)
  A leopard gecko (D)
  A goblin (D)
  A hobgoblin (D)
  A rat (D)
16 creatures vanquished.

Vanquished Creatures (collateral kills)
  A hungry ghost (D)
  A floating eye (D)
  An ogre (D)
  A bullfrog (D)
  2 killer bees (D)
  A jelly (D)
  A worker ant (D)
  A gnoll (D)
  An ooze (D)
  A leopard gecko (D)
  An orc (D)
  A goblin (D)
  A bat (D)
14 creatures vanquished.

Vanquished Creatures (others)
  4 knights (D)
4 creatures vanquished.

Grand Total: 34 creatures vanquished

Notes
Turn   | Place    | Note
-------+----------+-------------------------------------------
     0 | D        | potatolord6000 the Human Monk began the quest for the Orb.
     0 | D        | Reached XP level 1. HP: 18/18 MP: 1/1
    20 | D        | Reached skill level 1 in Armour
   159 | D        | Found a bloodstained altar of Trog.
   159 | D        | Found a deep blue altar of Sif Muna.
   159 | D        | Found a viscous altar of Jiyva.
   159 | D        | Found a hazy altar of Hepliaklqana.
   159 | D        | Found an opulent altar of Gozag.
   160 | D        | Found a glowing golden altar of the Shining One.
   160 | D        | Found a glowing silver altar of Zin.
   160 | D        | Found a basalt altar of Yredelemnul.
   160 | D        | Found a shimmering altar of Xom.
   160 | D        | Found an ornate altar of the Wu Jian Council.
   160 | D        | Found a sacrificial altar of Ru.
   160 | D        | Found a stormy altar of Qazlal.
   160 | D        | Found an iron altar of Okawaru.
   160 | D        | Found a sparkling altar of Nemelex Xobeh.
   160 | D        | Found a burning altar of Makhleb.
   160 | D        | Found a blossoming altar of Fedhas.
   160 | D        | Found a white marble altar of Elyvilon.
   160 | D        | Found a shadowy altar of Dithmenos.
   160 | D        | Found a snail-covered altar of Cheibriados.
   163 | D        | Found a corrupted altar of Lugonu.
   163 | D        | Found a radiant altar of Vehumet.
   163 | D        | Found a roughly hewn altar of Beogh.
   165 | D        | Found a shattered altar of Ashenzari.
   165 | D        | Found an ancient bone altar of Kikubaaqudgha.
   165 | D        | Found a hide-covered altar of Uskayaw.
   166 | D        | Became a worshipper of Hepliaklqana the Forgotten
   166 | D        | Reached * piety under Hepliaklqana
   166 | D        | Reached ** piety under Hepliaklqana
   167 | D        | Remembered your ancestor Lucia as a knight
   187 | D        | Noticed a worker ant
   282 | D        | Killed a worker ant
   282 | D        | Reached skill level 2 in Invocations
   282 | D        | Reached XP level 2. HP: 12/22 MP: 1/3
   282 | D        | Reached XP level 3. HP: 15/27 MP: 1/4
   288 | D        | Noticed a floating eye
   291 | D        | Killed a floating eye
   291 | D        | Reached skill level 5 in Fighting
   291 | D        | Reached skill level 5 in Long Blades
   291 | D        | Reached skill level 5 in Dodging
   291 | D        | Reached skill level 4 in Invocations
   291 | D        | Reached XP level 4. HP: 33/35 MP: 1/7
   291 | D        | Reached XP level 5. HP: 37/39 MP: 1/8
   306 | D        | Reached skill level 5 in Invocations
   406 | D        | Noticed an ogre
   407 | D        | Noticed a water moccasin
   408 | D        | Noticed a bullfrog
   419 | D        | Killed an ogre
   419 | D        | Reached skill level 5 in Armour
   419 | D        | Reached XP level 6. HP: 46/46 MP: 8/10
   428 | D        | Reached skill level 6 in Invocations
   446 | D        | Killed a water moccasin
   446 | D        | Reached XP level 7. HP: 29/54 MP: 10/12
   448 | D        | Reached skill level 7 in Invocations
   679 | D        | Noticed a hungry ghost
   684 | D        | Killed a hungry ghost
   689 | D        | Noticed a jumping spider
   730 | D        | Killed a jumping spider
   730 | D        | Reached skill level 8 in Invocations
   730 | D        | Reached XP level 8. HP: 33/61 MP: 12/14
   966 | D        | Noticed a flying skull
   985 | D        | Killed a flying skull
  1115 | D        | Reached *** piety under Hepliaklqana
  1115 | D        | Noticed Joseph
  1117 | D        | Noticed a salamander
  1126 | D        | Killed a salamander
  1126 | D        | Reached skill level 9 in Invocations
  1126 | D        | Reached XP level 9. HP: 59/68 MP: 14/16
  1137 | D        | Killed Joseph
  1448 | D        | Reached **** piety under Hepliaklqana
  1448 | D        | Noticed Blork the orc
  1448 | D        | Noticed a cyclops
  1457 | D        | Reached skill level 10 in Invocations
  1465 | D        | Killed Blork the orc
  1465 | D        | Hit by a large rock thrown by a cyclops

Vault maps used:
D:        pitsprint

Skill      XL: |  1  2  3  4  5  6  7  8  9 |
---------------+----------------------------+-----
Armour         | 2 4 5 6 7 8 9 |  9.4
Fighting       | 4 5 6 7 8 9 |  9.8
Long Blades    | 4 5 6 7 8 9 |  9.9
Dodging        | 4 5 6 7 8 9 |  9.8
Invocations    | 2 4 5 6 8 9 10 | 10.1
Stealth        | |  2.0

Action                   |  1- 3 |  4- 6 |  7- 9 || total
-------------------------+-------+-------+-------++-------
Melee: Falchion          |    17 |     6 |       ||    23
       Long sword        |       |     9 |    62 ||    71
       Scimitar          |       |       |    11 ||    11
Invok: Ancestor Life: Kn |     1 |       |       ||     1
  Use: Potion            |     3 |       |     7 ||    10
 Stab: Sleeping          |       |     1 |       ||     1
       Invisible         |       |       |     8 ||     8
  Eat: Meat ration       |       |       |     4 ||     4
Armor: Robe              |     3 |     2 |       ||     5
       Ring mail         |       |     3 |    23 ||    26
Dodge: Dodged            |     8 |    12 |   102 ||   122
       Rpst.: Falchion   |     2 |     1 |       ||     3
       Long sword        |       |     2 |    12 ||    14
       Scimitar          |       |       |    13 ||    13

Table legend:
 A = Spawn XP
 B = Non-spawn XP
 C = Spawn XP percentage of total XP
 D = Spawn monster count
 E = Non-spawn monster count
 F = Spawn count percentage of total count
 G = Total turns spent on level
                    A         B        C        D         E        F      G
               +---------+---------+-------+---------+---------+-------+---------
         Total |       0 |    3113 |   0.0 |       0 |      30 |   0.0 |  1465
               +---------+---------+-------+---------+---------+-------+---------
             D |       0 |    3113 |   0.0 |       0 |      30 |   0.0 |  1465
               +---------+---------+-------+---------+---------+-------+---------
